 Dungeon Crawl Stone Soup version 0.30-a0-1075-gcd70e7a56d (webtiles) character file.

Game seed: 13595381656174851576

6109 Turgor the Cruncher (level 10, -5/56 HPs)
             Began as a Vine Stalker Fighter on Apr 14, 2023.
             Was a High Priest of Kikubaaqudgha.
             Slain by a cyan ugly thing (11 damage)
             ... on level 8 of the Dungeon.
             The game lasted 00:42:57 (5818 turns).

Turgor the Cruncher (Vine Stalker Fighter)          Turns: 5818, Time: 00:42:59

Health: -5/56      AC:  6    Str: 27    XL:     10   Next: 89%
Magic:  0/11       EV: 13    Int: 14    God:    Kikubaaqudgha [*****.]
Gold:   172        SH:  0    Dex: 20    Spells: 7/9 levels left

rFire   . . .      SeeInvis .    f - +4 quarterstaff "Peothry" {speed, rCorr Str+3 Dex+2}
rCold   + . .      Faith    .    (shield currently unavailable)
rNeg    . . .      Spirit   +    H - +0 steam dragon scales
rPois   +          Reflect  .    (no helmet)
rElec   .          Rampage  .    q - +0 cloak
rCorr   +                        (no gloves)
Will    +....                    (no boots)
Stlth   ++                       (no amulet)
HPRegen 1.09/turn                d - ring of Yqyq Men {rC+ Str+5 Int+2 Dex+4}
MPRegen 0.12/turn                y - ring of poison resistance

@: no status effects
A: fangs 3, regeneration 1, magic shield, antimagic bite, no potion heal 2
a: Renounce Religion, Unearth Wretches, Torment


You were on level 8 of the Dungeon.
You worshipped Kikubaaqudgha.
Kikubaaqudgha was extremely pleased with you.
You visited 1 branch of the dungeon, and saw 8 of its levels.

You collected 451 gold pieces.
You spent 279 gold pieces at shops.

Inventory:

Hand Weapons
 a - a +0 long sword
 f - the +4 quarterstaff "Peothry" (weapon) {speed, rCorr Str+3 Dex+2}
   (You found it on level 3 of the Dungeon)

   Str:       It affects your strength (+3).
   Dex:       It affects your dexterity (+2).
   rCorr:     It protects you from acid and corrosion.
 l - a +2 dagger of speed
 u - a +2 dire flail of draining
 B - a +0 shortbow
Missiles
 k - a curare-tipped dart
 n - 2 throwing nets (quivered)
 w - a silver boomerang
Armour
 c - a +0 buckler
 q - a +0 cloak (worn)
 H - +0 steam dragon scales (worn)
Magical Staves
 b - a staff of death
Jewellery
 d - the ring of Yqyq Men (left hand) {rC+ Str+5 Int+2 Dex+4}
   (You took it off Robin on level 3 of the Dungeon)

   [ring of protection from cold]

   Str:       It affects your strength (+5).
   Int:       It affects your intelligence (+2).
   Dex:       It affects your dexterity (+4).
   rC:        It protects you from cold.
 r - a +6 ring of intelligence
 y - a ring of poison resistance (right hand)
Wands
 v - a wand of flame (54)
 A - a wand of iceblast (7)
Scrolls
 e - a scroll of magic mapping
 h - 3 scrolls of amnesia
 m - 2 scrolls of enchant weapon {unknown}
 s - 2 scrolls of immolation {unknown}
 t - 3 scrolls of fear {unknown}
 x - 3 scrolls of fog {unknown}
 C - a scroll of vulnerability {unknown}
 E - 3 scrolls of poison {unknown}
 F - a scroll of enchant armour {unknown}
 G - a scroll of teleportation
Potions
 g - 3 potions of heal wounds
 i - a potion of cancellation
 j - a potion of resistance
 o - 4 potions of curing
 p - a potion of lignification
 z - a potion of attraction
 D - a potion of brilliance


   Skills:
 + Level 8.3 Fighting
 - Level 5.0 Long Blades
 * Level 10.8 Staves
 - Level 3.0 Armour
 + Level 2.6 Dodging
 - Level 3.0 Shields


You had 7 spell levels left.
You knew the following spells:

 Your Spells              Type           Power      Damage    Failure   Level
a - Passwall              Tmut/Erth      0%         N/A       41%         2

Your spell library contained the following spells:

 Spells                   Type           Power      Damage    Failure   Level
 Kiss of Death            Conj/Necr      0%         2d5       28%         1
 Necrotise                Necr           0%         1d4       28%         1
 Ensorcelled Hibernation  Hex/Ice        0%         N/A       41%         2
 Sublimation of Blood     Necr           0%         N/A       41%         2
 Dazzling Flash           Conj/Hex       0%         N/A       65%         3
 Swiftness                Air            0%         N/A       65%         3
 Vampiric Draining        Necr           0%         2d6       65%         3
 Volatile Blastmotes      Fire/Tloc      0%         2d10      65%         3
 Anguish                  Hex/Necr       0%         N/A       96%         4
 Dispel Undead            Necr           0%         3d6       96%         4
 Iskenderun's Mystic Bla  Conj/Tloc      0%         2d3       96%         4
 Agony                    Necr           0%         N/A       100%        5
 Silence                  Hex/Air        0%         N/A       100%        5
 Death Channel            Necr           0%         N/A       100%        6
 Starburst                Conj/Fire      0%         6d3       100%        6


Dungeon Overview and Level Annotations

Branches:
Dungeon (8/15)             Temple (0/1) D:5
   Lair: D:8-11

Altars:
Hepliaklqana
Kikubaaqudgha
Makhleb
Okawaru
Qazlal
Ru
Wu Jian

Shops:
D:3 ((!:=   D:7 [

Annotations:
D:3 2 transporters, makewrite's ghost, amateur GrGl


Innate Abilities, Weirdness & Mutations

You have razor-sharp teeth.
Your natural rate of healing is unusually fast.
When hurt, damage is shared between your health and your magic reserves.
Your bite disrupts and absorbs the magic of your enemies.
Potions cannot restore your health.


Message History

You drain its power.
The cyan ugly thing is lightly wounded.
You closely miss the cyan ugly thing. Your bite misses the cyan ugly thing.
The cyan ugly thing is lightly wounded.
The cyan ugly thing barely misses you.
You closely miss the cyan ugly thing. Your bite misses the cyan ugly thing.
The cyan ugly thing is lightly wounded.
You thump the cyan ugly thing! Your bite misses the cyan ugly thing.
The cyan ugly thing is lightly wounded.
The cyan ugly thing tentacle-slaps you. The cyan ugly thing shocks you!
You bludgeon the cyan ugly thing!!
You bite the cyan ugly thing, but do no damage.
The cyan ugly thing is heavily wounded.
You hit the cyan ugly thing. Your bite misses the cyan ugly thing.
The cyan ugly thing is heavily wounded.
The cyan ugly thing tentacle-slaps you. The cyan ugly thing shocks you!
You hit the cyan ugly thing. Your bite misses the cyan ugly thing.
The cyan ugly thing is heavily wounded.
You hit the cyan ugly thing. You bite the cyan ugly thing! You drain its power.
You feel invigorated.
The cyan ugly thing is severely wounded.
The cyan ugly thing barely misses you.
You barely miss the cyan ugly thing. You bite the cyan ugly thing!
You drain its power.
The cyan ugly thing is severely wounded.
You hit the cyan ugly thing. You bite the cyan ugly thing. You drain its power.
The cyan ugly thing is almost dead.
The cyan ugly thing tentacle-slaps you! The cyan ugly thing shocks you!
* * * LOW HITPOINT WARNING * * *
Okay, then.
Okay, then.
You hit the cyan ugly thing.
The cyan ugly thing is almost dead.
You closely miss the cyan ugly thing. Your bite misses the cyan ugly thing.
The cyan ugly thing is almost dead.
The cyan ugly thing tentacle-slaps you.
* * * LOW HITPOINT WARNING * * *
The cyan ugly thing shocks you!
You die...
Kikubaaqudgha rasps: "You have failed me!
Welcome... death!"

### #.# #.....#
####)#.## # #.#
#.....###...<...#
#.###.....##..##.##.#
#.##..............#.#
############.###..#.#
♣.♣ #..#.#
#♣♣.♣♣#.##.#
#..♣..#....#
#♣♣@♣♣#.#### ♣u♣
####### ♣.♣
#.....######## ♣♣.♣
#.......##.... #♣.♣♣
#.##.......... #.♣♣
#.....#.##.##. #♣.♣♣
#..##.#.##.###
♣♣u♣♣#.......##.### ♣
♣ ♣♣.♣#.....####....


You could see a cyan ugly thing.

Vanquished Creatures
  A centaur warrior (D:8)
  An ugly thing (D:6)
  A cyclops (D:6)
  Grinder (D:4)
  Sigmund (D:3)
  5 yaks (D:8)
  A wyvern (D:8)
  Eustachio (D:4)
  2 steam dragons (D:8)
  Edmund (D:4)
  An acid dragon (D:5)
  5 water moccasins
  An ice beast (D:6)
  3 orc warriors
  An ogre (D:4)
  2 centaurs
  A phantom (D:4)
  2 kobold brigands
  3 bullfrogs
  Blork the orc (D:4)
  3 scorpions
  2 wights (D:8)
  4 howler monkeys (D:8)
  A hound (D:6)
  3 jellies
  4 orc priests
  6 iguanas
  5 orc wizards
  Robin (D:3)
  4 adders
  7 gnolls
  2 shadow imps (D:6)
  A white imp (D:6)
  A worm (D:3)
  3 dart slugs
  53 orcs
  5 ball pythons (D:1)
  9 endoplasms
  2 giant cockroaches (D:1)
  11 goblins
  12 hobgoblins
  14 kobolds
  3 quokkas
  10 bats
  A frilled lizard (D:1)
  8 rats
210 creatures vanquished.

Vanquished Creatures (others)
  92 plants (D:4)
92 creatures vanquished.

Grand Total: 302 creatures vanquished

Notes
Turn   | Place    | Note
-------+----------+-------------------------------------------
     0 | D:1      | Turgor the Vine Stalker Fighter began the quest for the
                  | Orb.
     0 | D:1      | Reached XP level 1. HP: 11/11 MP: 2/2
   121 | D:1      | Reached XP level 2. HP: 16/16 MP: 3/3
   261 | D:1      | Found a faded altar of an unknown god.
   264 | D:1      | Prayed at the altar of an unknown god.
   264 | D:1      | Became a worshipper of Kikubaaqudgha
   264 | D:1      | Reached * piety under Kikubaaqudgha
   264 | D:1      | Received a gift from Kikubaaqudgha
   298 | D:1      | Reached XP level 3. HP: 17/20 MP: 4/4
  1364 | D:3      | Found Rithas's Jewellery Boutique.
  1370 | D:3      | Gained mutation: Your natural rate of healing is unusually
                  | fast. [Vine Stalker growth]
  1370 | D:3      | Reached XP level 4. HP: 16/24 MP: 3/5
  1420 | D:3      | Found Sothrezi's Book Shoppe.
  1420 | D:3      | Noticed Robin
  1441 | D:3      | Found Sicaze's Weapon Shoppe.
  1488 | D:3      | Noticed Sigmund
  1495 | D:3      | Killed Sigmund
  1496 | D:3      | Reached XP level 5. HP: 28/28 MP: 6/6
  1496 | D:3      | Reached XP level 6. HP: 32/32 MP: 7/7
  1571 | D:3      | Identified the ring of Yqyq Men {rC+ Str+5 Int+2 Dex+4}
  1582 | D:3      | Reached ** piety under Kikubaaqudgha
  1606 | D:3      | Killed Robin
  1607 | D:3      | Reached skill level 5 in Long Blades
  1629 | D:3      | Found a transporter.
  1632 | D:3      | Noticed makewrite's ghost (amateur GrGl)
  1664 | D:3      | Found a transporter.
  1672 | D:3      | Found Diriesof's Antique Weapon Shoppe.
  1742 | D:3      | Identified the +4 quarterstaff "Peothry" {speed, rCorr
                  | Str+3 Dex+2}
  1987 | D:3      | Found Aruladdu's Distillery.
  1999 | D:3      | Bought a potion of curing for 39 gold pieces
  1999 | D:3      | Bought a potion of degeneration for 13 gold pieces
  1999 | D:3      | Bought a potion of lignification for 39 gold pieces
  2037 | D:4      | Noticed Edmund
  2102 | D:4      | Found a hazy altar of Hepliaklqana.
  2178 | D:4      | Reached skill level 1 in Staves
  2186 | D:4      | Reached skill level 2 in Staves
  2226 | D:4      | Reached XP level 7. HP: 30/37 MP: 6/8
  2472 | D:4      | Reached skill level 3 in Staves
  2495 | D:4      | Killed Edmund
  2542 | D:4      | Found a stormy altar of Qazlal.
  2582 | D:4      | Noticed Blork the orc
  2587 | D:4      | Killed Blork the orc
  2711 | D:4      | Noticed Grinder
  2720 | D:4      | Reached *** piety under Kikubaaqudgha
  2720 | D:4      | Received a gift from Kikubaaqudgha
  2721 | D:4      | Reached skill level 4 in Staves
  2731 | D:4      | Killed Grinder
  2732 | D:4      | Gained mutation: You have razor-sharp teeth. [Vine Stalker
                  | growth]
  2732 | D:4      | Reached XP level 8. HP: 42/42 MP: 9/9
  2786 | D:4      | Noticed Eustachio
  2800 | D:4      | Killed Eustachio
  2801 | D:4      | Reached skill level 5 in Staves
  2833 | D:4      | Reached skill level 5 in Fighting
  3134 | D:5      | Entered Level 5 of the Dungeon
  3147 | D:5      | Found an ornate altar of the Wu Jian Council.
  3181 | D:5      | Found a staircase to the Ecumenical Temple.
  3312 | D:5      | Reached skill level 6 in Staves
  3734 | D:5      | Noticed a spectral centipede
  3734 | D:5      | Noticed a spectral black mamba
  3862 | D:6      | Reached XP level 9. HP: 48/48 MP: 7/10
  3865 | D:6      | Reached skill level 7 in Staves
  4061 | D:6      | Reached **** piety under Kikubaaqudgha
  4171 | D:6      | Found an iron altar of Okawaru.
  4208 | D:6      | Noticed a green ugly thing
  4219 | D:6      | Killed a green ugly thing
  4220 | D:6      | Reached skill level 8 in Staves
  4295 | D:6      | Noticed a cyclops
  4363 | D:6      | Killed a cyclops
  4364 | D:6      | Reached skill level 9 in Staves
  4364 | D:6      | Reached XP level 10. HP: 35/55 MP: 11/11
  4761 | D:7      | Found Canines's Antique Armour Shoppe.
  4772 | D:7      | Bought an ominously black robe for 188 gold pieces
  4772 | D:7      | Identified the +1 robe "Ciergh" {rCorr Str+4 Dex-3} (You
                  | bought it in a shop on level 7 of the Dungeon)
  5010 | D:7      | Learned a level 2 spell: Passwall
  5419 | D:8      | Found a sacrificial altar of Ru.
  5419 | D:8      | Found a burning altar of Makhleb.
  5490 | D:8      | Reached skill level 10 in Staves
  5504 | D:8      | Reached ***** piety under Kikubaaqudgha
  5505 | D:8      | Reached skill level 1 in Dodging
  5716 | D:8      | Noticed a centaur warrior
  5730 | D:8      | Killed a centaur warrior
  5795 | D:8      | Noticed a cyan ugly thing
  5818 | D:8      | Slain by a cyan ugly thing

Illustrated notes

Levels and vault maps discovered:
D:1:      scummos_arrival_simple_fountains, layout_basic,
          shapermc_ecumenical_altar_mp_vishouse, chequers_serial_rivers_micro_e
D:2:      layout_basic, hangedman_decor_clover_reticule
D:3:      layout_basic, gammafunk_ghost_stat_death, serial_shops,
          nicolae_shop_statue_plus, nicolae_shop_crystal, nicolae_diamond_shop,
          shop, shop, uniq_sigmund, uniq_robin
D:4:      layout_loops_corners, kennysheep_mini_moat,
          mainiacjoe_overflow_concentric_impassable, serial_bayou,
          serial_bayou_crossing, serial_bayou_ford_a, serial_bayou_shore_b,
          serial_bayou_pond_c, corexii_leaking_fountain, roderic_batcave,
          minivault_14, serial_bayou_lagoon_a, kennysheep_doodads,
          hangedman_decor_peaks_small, uniq_eustachio, uniq_grinder,
          uniq_edmund, uniq_blork_the_orc
D:5:      layout_gridville, pdpol_wu_jian_five_deadly_venoms,
          minmay_temple_entry_glass, serial_glass, glass_columns_a,
          glass_columns_a
D:6:      minmay_opposing_rooms, layout_loops_ring, okawaru_metal_pillars_1_2
D:7:      layout_basic, serial_shops, nicolae_shop_advertising_works
          [nicolae_subvault_shop_adworks]
D:8:      nzn_winding_woodlands_large [nzn_winding_woodlands_5x5_cross,
          nzn_winding_woodlands_5x15_crooked,
          nzn_winding_woodlands_5x5_closed_star,
          nzn_winding_woodlands_center_lodge,
          nzn_winding_woodlands_15x15_boxy_spiral,
          nzn_winding_woodlands_center_triple_pond,
          nzn_winding_woodlands_hourglass, nzn_winding_woodlands_5x15_parted,
          nzn_winding_woodlands_5x5_perimeter], layout_loops_cross,
          gammafunk_temple_overflow_elements

Skill      XL: |  1  2  3  4  5  6  7  8  9 10 |
---------------+-------------------------------+-----
Long Blades    | 2 4 5 |  5.0
Shields        | 3 |  3.0
Fighting       | 3 4 5 7 8 |  8.3
Armour         | 3 |  3.0
Staves         | 2 4 6 9 10 | 10.8
Dodging        | 2 |  2.6

Action                     |  1- 3 |  4- 6 |  7- 9 | 10-12 || total
---------------------------+-------+-------+-------+-------++-------
  Melee: Long sword        |    61 |       |       |       ||    61
         Bite              |    25 |    20 |    53 |    48 ||   146
         Dagger            |    43 |    54 |       |       ||    97
         Quarterstaff      |       |    29 |   215 |   160 ||   404
   Fire: Shortbow          |       |       |     4 |       ||     4
  Throw: Boomerang         |       |       |     2 |       ||     2
  Evoke: Wand              |       |       |     1 |     1 ||     2
    Use: Scroll            |     3 |     2 |     1 |     3 ||     9
         Potion            |       |     2 |     3 |       ||     5
 Armour: Scale mail        |    49 |    20 |    42 |    15 ||   126
         Steam dragon scal |       |       |       |     5 ||     5
  Dodge: Dodged            |    38 |    21 |    64 |    43 ||   166
  Block: Buckler           |    21 |    10 |       |       ||    31

Table legend: (Time is in decaauts)
 A = Elapsed time spent in this place.
 B = Non-inter-level travel time spent in this place.
 C = Inter-level travel time spent in this place.
 D = Time resting spent in this place.
 E = Time spent auto-exploring this place.
 F = Levels seen in this place.
 G = Mean time per level.
                   A        B        C        D        E       F      G
               +--------+--------+--------+--------+--------+-----+--------+
         Total |   5691 |   5495 |    196 |     86 |   4013 |   8 |  711.4 |
       Dungeon |   5691 |   5495 |    196 |     86 |   4013 |   8 |  711.4 |
               +--------+--------+--------+--------+--------+-----+--------+

Top non-repeatable levels by time:
     D:4: 1067 daAuts
     D:3: 859 daAuts
     D:6: 810 daAuts
     D:1: 727 daAuts
     D:8: 700 daAuts
     D:5: 604 daAuts
     D:2: 472 daAuts
     D:7: 449 daAuts
